3L
FT. WORTH CATTLEMEN @ BUCKHEAD BOWTIES
07/09/2038
 
TOP OF THE 1ST
Ft. Worth Cattlemen batting - Pitching for Buckhead Bowties : LHP Paul Haines
Pitching: LHP Paul Haines
Batting: LHB Glen Allen Mixon 0-0: Called Strike
0-1: Called Strike
0-2: Strikes out swinging, 2-3 out at first.
Batting: RHB Ramón Rodríguez 0-0: Called Strike
0-1: Ball
1-1: Foul Ball, location: 2F
1-2: Ground out 5-3 (Groundball, 56, EV 96.2 MPH)
Batting: RHB Mario Álvarez 0-0: Ball
1-0: Swinging Strike
1-1: Ball
2-1: Called Strike
2-2: Ground out 6-3 (Groundball, 6, EV 88.1 MPH)
Top of the 1st over - 0 runs, 0 hits, 0 errors, 0 left on base; Ft. Worth 0 - Buckhead 0
BOTTOM OF THE 1ST
Buckhead Bowties batting - Pitching for Ft. Worth Cattlemen : RHP Armando Romano
Pitching: RHP Armando Romano
Batting: SHB Nuygen Vuong 0-0: Called Strike
0-1: Swinging Strike
0-2: Ball
1-2: Strikes out swinging
Batting: LHB Shunso Kiyomizu 0-0: Foul Ball, location: 2F
0-1: Foul Ball, location: 2F
0-2: Foul Ball, location: 2F
0-2: SOLO HOME RUN (Flyball, 78XD, EV 92.5 MPH), Distance : 429 ft
Batting: LHB Marcus Shill 0-0: Ball
1-0: Called Strike
1-1: Called Strike
1-2: Ball
2-2: Strikes out swinging
Batting: LHB Jesús Encarnación 0-0: Ball
1-0: Ball
2-0: Called Strike
2-1: Ball
3-1: Called Strike
3-2: Fly out, F7 (Flyball, 7LS, EV 90.6 MPH)
Bottom of the 1st over - 1 run, 1 hit, 0 errors, 0 left on base; Ft. Worth 0 - Buckhead 1
TOP OF THE 2ND
Ft. Worth Cattlemen batting - Pitching for Buckhead Bowties : LHP Paul Haines
Batting: LHB Semo Hoaloha 0-0: Swinging Strike
0-1: Ball
1-1: Called Strike
1-2: Foul Ball, location: 2F
1-2: Strikes out swinging
Batting: RHB Augusto Encarnación 0-0: Ball
1-0: Ball
2-0: Ball
3-0: Called Strike
3-1: Called Strike
3-2: SINGLE (Groundball, 56S, EV 72.5 MPH) (infield hit)
Batting: LHB Craig Woods 0-0: Fly out, F7 (Flyball, 78M, EV 88.8 MPH)
Batting: SHB Akihiko Fujii 0-0: Called Strike
0-1: Called Strike
0-2: Ball
1-2: Fly out, F7 (Flyball, 7LS, EV 93.1 MPH)
Top of the 2nd over - 0 runs, 1 hit, 0 errors, 1 left on base; Ft. Worth 0 - Buckhead 1
BOTTOM OF THE 2ND
Buckhead Bowties batting - Pitching for Ft. Worth Cattlemen : RHP Armando Romano
Batting: RHB Emílio Agramónte 0-0: Ground out 5-3 (Groundball, 56S, EV 63.8 MPH)
Batting: SHB Arend van der Veen 0-0: Ground out 4-3 (Groundball, 34, EV 106.9 MPH)
Batting: RHB Barsati Saraf 0-0: Swinging Strike
0-1: Ball
1-1: Fly out, F6 (Line Drive, 6, EV 73.8 MPH)
Bottom of the 2nd over - 0 runs, 0 hits, 0 errors, 0 left on base; Ft. Worth 0 - Buckhead 1
TOP OF THE 3RD
Ft. Worth Cattlemen batting - Pitching for Buckhead Bowties : LHP Paul Haines
Batting: LHB Ashley Thachi 0-0: Ball
1-0: Foul Ball, location: 2F
1-1: Foul Ball, location: 2F
1-2: Ball
2-2: Ground out 6-3 (Groundball, 6, EV 109.4 MPH)
Batting: LHB Francisco García 0-0: Ball
1-0: Foul Ball, location: 2F
1-1: Ball
2-1: SOLO HOME RUN (Line Drive, 9LD, EV 94.4 MPH), Distance : 361 ft
Batting: LHB Glen Allen Mixon 0-0: Ground out 2-3 (Groundball, 13S, EV 74.4 MPH)
Batting: RHB Ramón Rodríguez 0-0: Called Strike
0-1: Foul Ball, location: 2F
0-2: Ground out 5-3 (Groundball, 5, EV 104.4 MPH)
Top of the 3rd over - 1 run, 1 hit, 0 errors, 0 left on base; Ft. Worth 1 - Buckhead 1
BOTTOM OF THE 3RD
Buckhead Bowties batting - Pitching for Ft. Worth Cattlemen : RHP Armando Romano
Batting: SHB Henrique de Senna Fernandes 0-0: Ball
1-0: Called Strike
1-1: Swinging Strike
1-2: DOUBLE (Line Drive, 78D, EV 106.9 MPH)
Batting: LHB Badry Maksimenov 0-0: Ball
1-0: Ground out U3 (Groundball, 3S, EV 91.2 MPH)
Henrique de Senna Fernandes to third
Batting: SHB Nuygen Vuong 0-0: Called Strike
0-1: Foul Ball, location: 2F
0-2: DOUBLE (Flyball, 8RXD, EV 103.8 MPH)
Henrique de Senna Fernandes scores
Batting: LHB Shunso Kiyomizu 0-0: Foul Ball, location: 2F
0-1: Ball
1-1: Ball
2-1: Foul Ball, location: 2F
2-2: Fly out, F8 (Line Drive, 8LM, EV 91.9 MPH)
Batting: LHB Marcus Shill 0-0: Foul Ball, location: 2F
0-1: Called Strike
0-2: Strikes out looking
Bottom of the 3rd over - 1 run, 2 hits, 0 errors, 1 left on base; Ft. Worth 1 - Buckhead 2
TOP OF THE 4TH
Ft. Worth Cattlemen batting - Pitching for Buckhead Bowties : LHP Paul Haines
Batting: RHB Mario Álvarez 0-0: Called Strike
0-1: Ball
1-1: Ball
2-1: Ball
3-1: Foul Ball, location: 2F
3-2: Base on Balls
Batting: LHB Semo Hoaloha 0-0: Ball
1-0: 2-RUN HOME RUN (Flyball, 9D, EV 90.6 MPH), Distance : 364 ft
Batting: RHB Augusto Encarnación 0-0: Called Strike
0-1: Ball
1-1: Ball
2-1: Swinging Strike
2-2: Ball
3-2: Ground out 6-3 (Groundball, 6M, EV 107.5 MPH)
Batting: LHB Craig Woods 0-0: Called Strike
0-1: Ball
1-1: Foul Ball, location: 2F
1-2: Foul Ball, location: 2F
1-2: Ball
2-2: Fly out, F3 (Popup, 3F, EV 73.1 MPH)
Batting: SHB Akihiko Fujii 0-0: Fly out, F8 (Line Drive, 8LS, EV 90.6 MPH)
Top of the 4th over - 2 runs, 1 hit, 0 errors, 0 left on base; Ft. Worth 3 - Buckhead 2
BOTTOM OF THE 4TH
Buckhead Bowties batting - Pitching for Ft. Worth Cattlemen : RHP Armando Romano
Batting: LHB Jesús Encarnación 0-0: Called Strike
0-1: Ball
1-1: Foul Ball, location: 2F
1-2: Ball
2-2: Ball
3-2: SOLO HOME RUN (Flyball, 89XD, EV 95.6 MPH), Distance : 388 ft
Batting: RHB Emílio Agramónte 0-0: Ball
1-0: Called Strike
1-1: Called Strike
1-2: Ground out 6-3 (Groundball, 6, EV 87.5 MPH)
Batting: SHB Arend van der Veen 0-0: Ball
1-0: Reached on error, E1 (Groundball, 15, EV 72.5 MPH)
Batting: RHB Barsati Saraf 0-0: Foul Ball, location: 2F
0-1: Foul Ball, location: 2F
0-2: Ball
1-2: Ball
2-2: DOUBLE (Line Drive, 9LM, EV 115.0 MPH)
Arend van der Veen to third
Runner from 3rd tries for Home, SAFE, throw by RF to trailing runner, SAFE at third!
Batting: SHB Henrique de Senna Fernandes 0-0: Ball
1-0: Fly out, F7 (Flyball, 7, EV 83.1 MPH)
Batting: LHB Badry Maksimenov 0-0: Called Strike
0-1: Ball
1-1: Ball
2-1: Foul Ball, location: 2F
2-2: Strikes out swinging
Bottom of the 4th over - 2 runs, 2 hits, 1 error, 1 left on base; Ft. Worth 3 - Buckhead 4
TOP OF THE 5TH
Ft. Worth Cattlemen batting - Pitching for Buckhead Bowties : LHP Paul Haines
Batting: LHB Ashley Thachi 0-0: Fly out, F7 (Flyball, 7LM, EV 91.9 MPH)
Batting: LHB Francisco García 0-0: Called Strike
0-1: Foul Ball, location: 2F
0-2: Strikes out swinging
Batting: LHB Glen Allen Mixon 0-0: Called Strike
0-1: Ball
1-1: SINGLE (Line Drive, 3D, EV 98.8 MPH)
Batting: RHB Ramón Rodríguez 0-0: Called Strike
0-1: Ball
1-1: Foul Ball, location: 2F
1-2: Ball
2-2: Ball
3-2: Strikes out looking
Top of the 5th over - 0 runs, 1 hit, 0 errors, 1 left on base; Ft. Worth 3 - Buckhead 4
BOTTOM OF THE 5TH
Buckhead Bowties batting - Pitching for Ft. Worth Cattlemen : RHP Armando Romano
Batting: SHB Nuygen Vuong 0-0: Called Strike
0-1: Ball
1-1: Swinging Strike
1-2: Strikes out swinging
Batting: LHB Shunso Kiyomizu 0-0: Ball
1-0: SINGLE (Line Drive, 4, EV 98.1 MPH)
Batting: LHB Marcus Shill 0-0: Ball
1-0: Ball
2-0: Fly out, F8 (Flyball, 8RD, EV 94.4 MPH)
Batting: LHB Jesús Encarnación 0-0: Foul Ball, location: 2F
0-1: Fly out, F9 (Flyball, 9D, EV 102.5 MPH)
Bottom of the 5th over - 0 runs, 1 hit, 0 errors, 1 left on base; Ft. Worth 3 - Buckhead 4
TOP OF THE 6TH
Ft. Worth Cattlemen batting - Pitching for Buckhead Bowties : LHP Paul Haines
Batting: RHB Mario Álvarez 0-0: Fly out, F8 (Line Drive, 8RM, EV 91.9 MPH)
Batting: LHB Semo Hoaloha 0-0: Called Strike
0-1: Called Strike
0-2: Strikes out swinging
Batting: RHB Augusto Encarnación 0-0: Foul Ball, location: 2F
0-1: Ball
1-1: Fly out, F9 (Flyball, 9S, EV 91.9 MPH)
Top of the 6th over - 0 runs, 0 hits, 0 errors, 0 left on base; Ft. Worth 3 - Buckhead 4
BOTTOM OF THE 6TH
Buckhead Bowties batting - Pitching for Ft. Worth Cattlemen : RHP Armando Romano
Batting: RHB Emílio Agramónte 0-0: Called Strike
0-1: Ball
1-1: Ball
2-1: Foul Ball, location: 2F
2-2: Ball
3-2: Fly out, F8 (Flyball, 8LXD, EV 106.2 MPH)
Batting: SHB Arend van der Veen 0-0: Called Strike
0-1: Ball
1-1: SINGLE (Line Drive, 78S, EV 98.1 MPH)
Batting: RHB Barsati Saraf 0-0: Foul Ball, location: 2F
0-1: Ball
1-1: Swinging Strike
1-2: Strikes out swinging
Batting: SHB Henrique de Senna Fernandes 0-0: Called Strike
0-1: Called Strike
0-2: Ball
1-2: Ball
2-2: DOUBLE (Line Drive, 89D, EV 110.0 MPH)
Arend van der Veen to third
Batting: LHB Badry Maksimenov 0-0: Ball
1-0: Called Strike
1-1: Ball
2-1: Fly out, F7 (Flyball, 7S, EV 95.6 MPH)
Bottom of the 6th over - 0 runs, 2 hits, 0 errors, 2 left on base; Ft. Worth 3 - Buckhead 4
TOP OF THE 7TH
Ft. Worth Cattlemen batting - Pitching for Buckhead Bowties : LHP Paul Haines
Batting: LHB Craig Woods 0-0: Fly out, F8 (Line Drive, 8LM, EV 95.6 MPH)
Batting: SHB Akihiko Fujii 0-0: Ball
1-0: Fly out, F7 (Line Drive, 7, EV 103.8 MPH)
Batting: LHB Ashley Thachi 0-0: Swinging Strike
0-1: Foul Ball, location: 2F
0-2: Strikes out swinging
Top of the 7th over - 0 runs, 0 hits, 0 errors, 0 left on base; Ft. Worth 3 - Buckhead 4
BOTTOM OF THE 7TH
Buckhead Bowties batting - Pitching for Ft. Worth Cattlemen : RHP Armando Romano
Pitching: RHP Jack Buyse
Batting: SHB Nuygen Vuong 0-0: Foul Ball, location: 2F
0-1: Foul Ball, location: 2F
0-2: Ball
1-2: Ball
2-2: Strikes out swinging
Batting: LHB Shunso Kiyomizu 0-0: Called Strike
0-1: Ground out U3 (Groundball, 3, EV 110.0 MPH)
Batting: LHB Marcus Shill 0-0: Ball
1-0: Ball
2-0: Called Strike
2-1: DOUBLE (Flyball, 9LD, EV 109.4 MPH)
Batting: LHB Jesús Encarnación 0-0: Fly out, F7 (Flyball, 7LD, EV 89.4 MPH)
Bottom of the 7th over - 0 runs, 1 hit, 0 errors, 1 left on base; Ft. Worth 3 - Buckhead 4
TOP OF THE 8TH
Ft. Worth Cattlemen batting - Pitching for Buckhead Bowties : LHP Paul Haines
Batting: LHB Francisco García 0-0: Ground out 1-3 (Groundball, P, EV 80.6 MPH)
Batting: LHB Glen Allen Mixon 0-0: Ball
1-0: Ball
2-0: Ball
3-0: Called Strike
3-1: Called Strike
3-2: Foul Ball, location: 2F
3-2: SINGLE (Line Drive, 9S, EV 91.2 MPH)
Pitching: RHP Brian Fixel
Batting: RHB Ramón Rodríguez 0-0: Fielders Choice at 2nd, 6-4 (Groundball, 56, EV 85.6 MPH)
Batting: RHB Mario Álvarez 0-0: Fly out, F7 (Flyball, 7LD, EV 99.4 MPH)
Top of the 8th over - 0 runs, 1 hit, 0 errors, 1 left on base; Ft. Worth 3 - Buckhead 4
BOTTOM OF THE 8TH
Buckhead Bowties batting - Pitching for Ft. Worth Cattlemen : RHP Jack Buyse
Batting: RHB Emílio Agramónte 0-0: Foul Ball, location: 2F
0-1: Foul Ball, location: 2F
0-2: Ball
1-2: Fly out, F9 (Line Drive, 9, EV 95.0 MPH)
Batting: SHB Arend van der Veen 0-0: Called Strike
0-1: Ball
1-1: Called Strike
1-2: Foul Ball, location: 2F
1-2: Foul Ball, location: 2F
1-2: Ball
2-2: Strikes out swinging
Batting: RHB Barsati Saraf 0-0: Called Strike
0-1: Called Strike
0-2: Fly out, F7 (Flyball, 7LS, EV 86.2 MPH)
Bottom of the 8th over - 0 runs, 0 hits, 0 errors, 0 left on base; Ft. Worth 3 - Buckhead 4
TOP OF THE 9TH
Ft. Worth Cattlemen batting - Pitching for Buckhead Bowties : RHP Brian Fixel
Pitching: LHP Yajirobei Otomo
Batting: LHB Semo Hoaloha 0-0: Swinging Strike
0-1: Called Strike
0-2: Strikes out swinging
Batting: RHB Augusto Encarnación 0-0: Swinging Strike
0-1: Hit by Pitch
Batting: LHB Craig Woods 0-0: Called Strike
0-1: Fielders Choice at 2nd, 4-6 (Groundball, 34D, EV 79.4 MPH)
Batting: SHB Akihiko Fujii 0-0: Ball
1-0: Foul Ball, location: 2F
1-1: Ball
2-1: Foul Ball, location: 2F
2-2: Foul Ball, location: 2F
2-2: SINGLE (Groundball, 56D, EV 106.2 MPH)
Craig Woods to second
Batting: LHB Ashley Thachi 0-0: Swinging Strike
0-1: Ball
1-1: Swinging Strike
1-2: Foul Ball, location: 2F
1-2: Foul Ball, location: 2F
1-2: Ball
2-2: Fly out, F5 (Popup, 5SF, EV 81.2 MPH)
Top of the 9th over - 0 runs, 1 hit, 0 errors, 2 left on base; Ft. Worth 3 - Buckhead 4
Friday, April 17th, 2020 - OOTP Baseball 20.8 Build 74